Cogmind - Beta 12 @@@ ROGUE MODE // 2023.09.24 @ 22:49:39 Player: most_lamentable Result: Destroyed by D-53 Grenadier with Mini Grenade Launcher Performance ------------- Evolutions (0) 0 Regions Visited (4) 800 Robots Destroyed (26) 130 Value Destroyed (527) 527 Prototype IDs (3) 60 Alien Tech Used (0) 0 Bonus (316) 316 TOTAL SCORE: 1833 Bonus ------- Follower Combat Kills 21 Aligned with FarCom 300 Friendly Fire -5 Cogmind --------- Core Integrity 0/250 Matter 266/300 Energy 100/100 System Corruption 0% Temperature Cool (0) Movement Core (200) Ox3 Location -9/Mines Parts ------- > --- POWER (1) -------- (None) > --- PROPULSION (2) --- (None) > --- UTILITY (2) ------ Medium Storage Unit Visual Processing Unit > --- WEAPON (2) ------- (None) > --- INVENTORY (10) --- Light Ion Engine Aluminum Leg Small Storage Unit Compact Matter Pod (106) Datajack Datajack Datajack Datajack Field Lobotomy Kit (5) Peak State ------------ > --- POWER ------------ Ion Engine > --- PROPULSION ------- Aluminum Leg Aluminum Leg > --- UTILITY ---------- Medium Storage Unit Visual Processing Unit > --- WEAPON ----------- AWS/Gauss > --- INVENTORY -------- Light Ion Engine Aluminum Leg Small Storage Unit Compact Matter Pod Datajack Datajack Datajack Mining Laser [Rating: 23] Favorites ----------- Power Ion Engine Engine Ion Engine Propulsion Aluminum Leg Leg Aluminum Leg Utility Visual Processing Unit Storage Medium Storage Unit Processor Visual Processing Unit Weapon Improved Light Cannon Energy Gun Medium Laser Energy Cannon Light EM Pulse Cannon Ballistic Gun AWS/Gauss Ballistic Cannon Improved Light Cannon Launcher Rocket Launcher Special Weapon Mining Laser Special Melee Weapon Datajack Build | -11 -10 -10 -10 -9 ------- Run | Jun Mat Min Exi Min Slots Evolved . | . . . . . Power . | . . . . . Propulsion . | . . . . . Utility . | . . . . . Weapon . | . . . . . Parts Attached 26 | 6 7 3 6 4 Power 3 | 1 1 . . 1 Engine 3 | 1 1 . . 1 Core . | . . . . . Reactor . | . . . . . Propulsion 4 | 2 2 . . . Treads . | . . . . . Leg 4 | 2 2 . . . Wheel . | . . . . . Hover . | . . . . . Flight . | . . . . . Utility 3 | 1 1 1 . . Device . | . . . . . Storage 2 | 1 . 1 . . Processor 1 | . 1 . . . Hackware . | . . . . . Protection . | . . . . . Artifact . | . . . . . Weapon 16 | 2 3 2 6 3 Energy Gun 2 | 2 . . . . Energy Cannon 2 | . 1 . 1 . Ballistic Gun 1 | . . . 1 . Ballistic Cannon 3 | . 1 . 1 1 Launcher 4 | . 1 1 2 . Special Weapon 3 | . . . 1 2 Impact Weapon . | . . . . . Slashing Weapon . | . . . . . Piercing Weapon . | . . . . . Special Melee Weapon 1 | . . 1 . . Unidentified Prototypes 3 | . . . 3 . Parts Lost 7 | . 1 . . 6 Power 2 | . 1 . . 1 Propulsion 2 | . . . . 2 Utility . | . . . . . Weapon 3 | . . . . 3 Highest Loss Streak 6 | . 1 . . 6 To Critical Strikes . | . . . . . Average Slot Usage (%) 98 | . 95 100 99 99 Engine 14 | . 14 14 14 14 Leg 28 | . 28 28 28 28 Storage 14 | . 14 14 14 14 Processor 13 | . 10 14 14 14 Energy Gun 1 | . 5 . . . Energy Cannon 2 | . 9 . . . Ballistic Cannon 10 | . 10 14 13 5 Launcher 10 | . 2 10 13 14 Special Weapon 2 | . . . . 8 Naked Turns . | . . . . . Heaviest Build 27 | 13 18 23 27 23 Greatest Support 20 | 20 20 20 20 20 Greatest Overweight (x) 1 | 1 . 1 1 1 Average Overweight (x) . | . . . . . Largest Inventory Capacity 10 | 8 8 10 10 10 Average Capacity 9 | 7 8 9 10 10 Most Carried 10 | 7 8 10 10 10 Average Carried 9 | 4 7 9 9 9 Final Capacity 10 | 8 8 10 10 10 Final Carried 10 | 5 8 10 10 9 Class Distribution -------------------- 100% | Mutant Dominant Class ---------------- Mutant | -10/Materials Mutant | -10/Mines Mutant | -10/Exiles Mutant | -9/Mines Resources | -11 -10 -10 -10 -9 ----------- Run | Jun Mat Min Exi Min Matter Collected 644 | 228 170 117 . 129 Remotely . | . . . . . Salvage Created 512 | . 472 23 . 17 Parts 45 | . 34 4 . 7 Haulers Intercepted . | . . . . . Recyclers Shooed . | . . . . . Parts Field Recycled . | . . . . . Retrieved Matter . | . . . . . Parts Self-Destructed . | . . . . . Prevented . | . . . . . Kills | -11 -10 -10 -10 -9 ------- Run | Jun Mat Min Exi Min Combat Hostiles Destroyed 21 | . 12 4 . 5 Cannons 8 | . 7 1 . . AOE 12 | . 4 3 . 5 Classes Destroyed 6 | . 6 . . . Worker 1 | . 1 . . . Recycler 2 | . 2 . . . Operator 1 | . 1 . . . Watcher 1 | . 1 . . . Swarmer 12 | . 3 4 . 5 Grunt 9 | . 9 . . . Best Kill Streak 6 | . 6 3 . 5 Combat Bots Only 5 | . 5 3 . 5 Max Kills in Single Turn 5 | . 4 2 . 5 Gunslinging . | . . . . . Exploded 5 | . 3 2 . 5 Melee . | . . . . . Uniques/NPCs Destroyed . | . . . . . Combat | -11 -10 -10 -10 -9 -------- Run | Jun Mat Min Exi Min Damage Taken 955 | . 375 98 . 482 Core 269 | . 51 8 . 210 Absorbed by Shields . | . . . . . Core Remaining (%) 100 | 100 . . . . Volleys Fired 45 | . 24 6 . 15 Largest 2 | . 2 1 . 1 Hottest 100 | . 95 39 . 100 Shots Fired 66 | . 45 6 . 15 Gun . | . . . . . Cannon 46 | . 43 3 . . Launcher 12 | . 2 3 . 7 Special 8 | . . . . 8 Kinetic 25 | . 22 3 . . Thermal 8 | . . . . 8 Explosive 12 | . 2 3 . 7 Electromagnetic 21 | . 21 . . . Robot Hit Streak 10 | . 10 1 . 1 Robot Miss Streak 3 | . 3 1 . 2 Penetration Max . | . . . . . Secondary Targets . | . . . . . Shots Hit Robots 33 | . 29 3 . 1 Core Hits 32 | . 17 4 . 11 Critical Kills . | . . . . . Critical Parts Destroyed . | . . . . . Critical Strikes 3 | . 3 . . . Blast 1 | . 1 . . . Corrupt 2 | . 2 . . . Melee Attacks . | . . . . . Impact . | . . . . . Slashing . | . . . . . Piercing . | . . . . . Sneak Attacks . | . . . . . Combat Hostiles . | . . . . . Follow-up Attacks . | . . . . . Damage Inflicted 1749 | . 1146 214 . 389 Guns . | . . . . . Cannons 702 | . 662 40 . . Explosions 1047 | . 484 174 . 389 Melee . | . . . . . Ramming . | . . . . . Kinetic 315 | . 275 40 . . Thermal . | . . . . . Explosive 1047 | . 484 174 . 389 Electromagnetic 387 | . 387 . . . Impact . | . . . . . Slashing . | . . . . . Piercing . | . . . . . Highest Corruption . | . . . . . Average Corruption . | . . . . . Corruption Purged . | . . . . . Corruption Blocked . | . . . . . Overload Shots . | . . . . . Overflow Damage 47 | . 28 17 . 2 Projectiles . | . . . . . Explosions 47 | . 28 17 . 2 Melee . | . . . . . Knockbacks 7 | . 6 1 . . Impact . | . . . . . Kinetic 6 | . 5 1 . . Secondary 1 | . 1 . . . Self-Inflicted Damage 160 | . 108 30 . 22 Shots 4 | . 2 1 . 1 Rammed . | . . . . . Targets Rammed . | . . . . . Kicked . | . . . . . Crushed . | . . . . . Highest Temperature 289 | . 289 . . 62 Average Temperature 75 | . 93 . . 28 Received Heat Transfer 141 | . 135 6 . . Siege Activations . | . . . . . Robots Corrupted 1 | . 1 . . . Combat Hostiles 1 | . 1 . . . Parts Fried . | . . . . . Impact Corruptions . | . . . . . Robots Melted . | . . . . . Combat Hostiles . | . . . . . Parts Melted . | . . . . . Heat Transferred . | . . . . . Parts Sabotaged . | . . . . . Parts Stolen . | . . . . . Parts Stripped . | . . . . . Power Chain Reactions 1 | . 1 . . . Missiles Intercepted . | . . . . . Alert | -11 -10 -10 -10 -9 ------- Run | Jun Mat Min Exi Min Peak Influence 273 | . 264 273 . 183 Initial 102 | . . 102 . . Average 100 | . 106 140 . 70 Maximum Alert Level 1 | . 1 1 . . Low Security (%) 82 | 100 68 71 . 100 Level 1 17 | . 31 28 . . Level 2 . | . . . . . Level 3 . | . . . . . Level 4 . | . . . . . Level 5 . | . . . . . High Security . | . . . . . Max Security . | . . . . . Squads Dispatched 3 | . 3 . . . Investigation 1 | . 1 . . . Extermination . | . . . . . Reinforcement 2 | . 2 . . . Assault . | . . . . . Garrison . | . . . . . Intercept . | . . . . . Searches Triggered . | . . . . . Construction Impeded . | . . . . . Haulers Reinforced . | . . . . . Active Scanning Responses . | . . . . . Cargo Convoy Interrupts . | . . . . . Stealth | -11 -10 -10 -10 -9 --------- Run | Jun Mat Min Exi Min Distress Signals 1 | . 1 . . . Communications Jammed . | . . . . . Distress Signals . | . . . . . Times Spotted 31 | . 16 7 . 8 Peak Tracking Total 6 | . 5 3 . 6 Tactical Retreats 1 | . . 1 . . Traps | -11 -10 -10 -10 -9 ------- Run | Jun Mat Min Exi Min Traps Triggered 1 | . 1 . . . Indirectly . | . . . . . Trap Hack Attempts . | . . . . . Triggered . | . . . . . Disarmed . | . . . . . Reprogrammed . | . . . . . Reused . | . . . . . Traps Extracted . | . . . . . Installed . | . . . . . Triggered . | . . . . . Machines | -11 -10 -10 -10 -9 ---------- Run | Jun Mat Min Exi Min Machines Disabled 3 | . 3 . . . Max in Single Turn 2 | . 2 . . . Machines Repaired . | . . . . . Machines Sabotaged . | . . . . . Overloaded Fab Kills . | . . . . . Hacking | -11 -10 -10 -10 -9 --------- Run | Jun Mat Min Exi Min Machines Accessed 5 | . 4 1 . . Terminals 4 | . 3 1 . . Fabricators . | . . . . . Repair Stations . | . . . . . Recycling Units 1 | . 1 . . . Scanalyzers . | . . . . . Garrison Access . | . . . . . Total Hacks 9 | . 7 2 . . Successful 3 | . 3 . . . Failed 6 | . 4 2 . . Catastrophic 3 | . 2 1 . . Database Lockouts . | . . . . . Manual 12 | . 9 2 1 . Terminals 8 | . 6 2 . . Fabricators . | . . . . . Repair Stations . | . . . . . Recycling Units 1 | . 1 . . . Scanalyzers . | . . . . . Garrison Access . | . . . . . Terminal Hacks 2 | . 2 . . . Terminal Index 1 | . 1 . . . Alert Level 1 | . 1 . . . Fabricator Hacks . | . . . . . Repair Station Hacks . | . . . . . Recycling Unit Hacks . | . . . . . Scanalyzer . | . . . . . Garrison Access Hacks . | . . . . . Unauthorized Hacks 1 | . 1 . . . Terminals . | . . . . . Fabricators . | . . . . . Repair Stations . | . . . . . Recycling Units 1 | . 1 . . . Reject 1 | . 1 . . . Scanalyzers . | . . . . . Garrison Access . | . . . . . Data Cores Recovered . | . . . . . Used . | . . . . . Hacking Detections 4 | . 3 1 . . Full Trace Events . | . . . . . Feedback Events . | . . . . . Feedback Blocked . | . . . . . Robot Schematics Acquired . | . . . . . Robots Built . | . . . . . Authchips . | . . . . . Time . | . . . . . Total Robot Build Rating . | . . . . . Part Schematics Acquired . | . . . . . Parts Built . | . . . . . Authchips . | . . . . . Time . | . . . . . Total Part Build Rating . | . . . . . Parts Repaired . | . . . . . Time . | . . . . . Parts Recycled . | . . . . . Recycled Matter . | . . . . . Retrieved Matter . | . . . . . Retrieved Components . | . . . . . Parts Scanalyzed . | . . . . . Part Schematics Acquired . | . . . . . Parts Damaged . | . . . . . Bothacking | -11 -10 -10 -10 -9 ------------ Run | Jun Mat Min Exi Min Used RIF Installer . | . . . . . Robots Hacked . | . . . . . Non-combat . | . . . . . Combat . | . . . . . Robot Hacks Applied . | . . . . . Relay Couplers Released . | . . . . . Fabnet Peak Effective % . | . . . . . Robots Rewired . | . . . . . Allies Hacked . | . . . . . Hacks Repelled . | . . . . . Allies | -11 -10 -10 -10 -9 -------- Run | Jun Mat Min Exi Min Total Allies 3 | . . 3 . . Largest Group 3 | . . 3 2 2 Highest-Rated Group 40 | . . 40 32 32 Highest-Rated Ally 16 | . . 16 16 16 Total Orders 7 | . . 5 . 2 ROAM 1 | . . . . 1 FOLLOW 3 | . . 2 . 1 GUARD 1 | . . 1 . . AID 2 | . . 2 . . Ally Attacks 12 | . . 9 . 3 Total Damage 110 | . . 94 . 16 Kills 3 | . . 2 . 1 Allies Corrupted . | . . . . . Allies Melted . | . . . . . Intel | -11 -10 -10 -10 -9 ------- Run | Jun Mat Min Exi Min Robot Analysis Total . | . . . . . Derelict Logs Recovered 1 | . . 1 . . Drone Launches . | . . . . . Drone Recoveries . | . . . . . Exploration | -11 -10 -10 -10 -9 ------------- Run | Jun Mat Min Exi Min Turns Passed 2588 | 78 581 664 514 751 Spaces Moved 1565 | 57 376 387 264 481 Core 23 | 23 . . . . Treads . | . . . . . Legs 1542 | 34 376 387 264 481 Wheels . | . . . . . Hover . | . . . . . Flight . | . . . . . Fastest Speed 50 | 50 120 120 120 120 Average Speed 144 | 107 120 149 188 141 Slowest Speed 190 | 120 120 190 190 190 Overloaded Moves . | . . . . . Propulsion Burnouts . | . . . . . Robots Hopped . | . . . . . Cave-ins Triggered . | . . . . . Exploration Rate (%) 61 | 3 77 84 65 80 Regions Visited 4 Branch Regions 3 Pre-discovered Areas . | . . . . . Known Exits Taken . | . . . . . Unknown Exits Taken 4 | 1 1 1 1 . Scrap Searched 1 | . . 1 . . Spaces Dug 33 | . . . . 33 Terrain Destroyed 160 | . 52 34 . 74 Melee . | . . . . . Projectile 9 | . 1 . . 8 AOE 151 | . 51 34 . 66 Terrain Rammed . | . . . . . Walls Destroyed . | . . . . . Machines Disabled . | . . . . . Actions | -11 -10 -10 -10 -9 --------- Run | Jun Mat Min Exi Min Total 1810 | 73 463 468 284 522 Wait 126 | . 36 70 . 20 Move 1561 | 56 375 386 263 481 Hop . | . . . . . Pick Up 31 | 11 11 2 7 . Fast Attach 4 | . 3 . 1 . Attach 12 | 6 1 . 4 1 Detach . | . . . . . Swap 10 | . 3 3 1 3 Drop 21 | . 10 1 8 2 Fire 45 | . 24 6 . 15 Melee . | . . . . . Ram . | . . . . . Kick . | . . . . . Crush . | . . . . . Escape Stasis . | . . . . . Rewire . | . . . . . Trap . | . . . . . Miscellaneous . | . . . . . Route ------- -11/Junkyard -10/Materials (discovered 3 exits: [*Mat] / *Min x2) -10/Mines (discovered 3 exits: [*Mat x2] / *Exi) -10/Exiles (discovered 2 exits: [*Min x2]) -9/Mines (discovered 2 exits: [*Mat x2]) History --------- Turn | Location | Event 10 | -11/Junkyard | Discovered new exit (range 16) 79 | -11/Junkyard | Entered Materials 240 | -10/Materials | Discovered new exit (range 18) 303 | -10/Materials | Build established: Mutant 414 | -10/Materials | Discovered new exit (range 11) 486 | -10/Materials | Discovered new exit (range 14) 660 | -10/Materials | Entered Mines 681 | -10/Mines | Met a Derelict bent on vengeance 729 | -10/Mines | Assisted by bots powering up and referring to "LRC-V3" 788 | -10/Mines | Received a Rocket Launcher from a helpful Derelict 813 | -10/Mines | Discovered new exit (range 16) 859 | -10/Mines | Learned Materials garrison access intel 955 | -10/Mines | Discovered new exit (range 5) 1317 | -10/Mines | Deemed a non-threat by the Exiles lab entrance 1317 | -10/Mines | Discovered new exit (range 5) 1324 | -10/Mines | Entered Exiles 1324 | -10/Exiles | Accompanied by 2 allies 1353 | -10/Exiles | Discovered new exit (range 15) 1410 | -10/Exiles | Met 8R-AWN 1440 | -10/Exiles | Met EX-HEX 1513 | -10/Exiles | Met EX-BIN 1539 | -10/Exiles | Aligned with FarCom system 1541 | -10/Exiles | Given EX-Vault access code 1606 | -10/Exiles | Opened EX-Vault 1614 | -10/Exiles | Found Prototype Special Weapon 1614 | -10/Exiles | Identified Field Lobotomy Kit 1627 | -10/Exiles | Found Prototype Ballistic Gun 1629 | -10/Exiles | Identified AWS/Gauss 1633 | -10/Exiles | Found Prototype Energy Cannon 1634 | -10/Exiles | Identified Gui. Plasma Cannon 1686 | -10/Exiles | Warned to stay clear of 0b10 Research branches 1696 | -10/Exiles | Exiles lab attacked by MAIN.C 1813 | -10/Exiles | Discovered new exit (range 14) 1838 | -10/Exiles | Left Exiles lab with Field Lobotomy Kit 1838 | -10/Exiles | Entered Mines 1838 | -9/Mines | Accompanied by 2 allies 2076 | -9/Mines | Discovered new exit (range 17) 2305 | -9/Mines | Discovered new exit (range 8) 2500 | -9/Mines | A weapon hastily lodged in a ceiling crevice suddenly fell to the ground 2540 | -9/Mines | Assembled infested the area 2545 | -9/Mines | Assisted by a Guerilla fighting off Assembled 2584 | -9/Mines | Core integrity fell below 50% 2588 | -9/Mines | Core integrity fell below 20% 2589 | -9/Mines | Destroyed by D-53 Grenadier with Mini Grenade Launcher Last Messages --------------- note attached: "One is never enough." 02505_ Dropped Mining Laser. 02513_ T-07 Excavator is excavating. 02540_ ALERT: Infestation in the mines, dispatching Demolisher response squad. 02545_ A derelict emerges from the shadows: "You need to get out of here! I've been tracking a group of Assembled to figure out where they're coming from, and they're closing on this area, come on!" 02577_ C-30 ARC bursts open, deploying its payload. 02577_ D-53 Grenadier unfolds itself. 02579_ Trooper 1b destroyed. 02579_ Plasma Flamer destroyed. 02581_ Trooper 1a destroyed. 02583_ K-01 Serf destroyed. 02583_ Imp. Light Cannon destroyed. 02583_ Aluminum Leg destroyed. 02584_ The unstable cave ceiling collapses. 02585_ Lgt. Ion Engine destroyed. 02587_ Rocket Launcher destroyed. 02589_ Aluminum Leg destroyed. Map ----- +----------------------------------------------------+ | ???????????####??????????????????????????????? | | ??????????## ######?????????????????????????? | | ??????????# #?????????????????????????? | | ########### ### #?????????????????????????? | | | ### #?????????????????????????? | | #?????????????????????????? | | ######### #### #?????????????????????????? | | ????????# ##??# #?????????????????????????? | | ????????## ##???# ###???????????????????????? | | ?????????# #????# #???????????????????????? | | ?????????# #????# #???????????????????????? | | ?????????# #????# ##???????????????????????? | | ?????????# #????####????????????##########??? | | ?????????# #????????????????????# #??? | | ?????????# #????????????????????# #??? | | ?????????# #????????????????????# #??? | | ####?????# #????????????????????# #??? | | #?????# ##????????####???????#""" #??? | | # ##????# #???###### ###?????#""" #??? | | # ######## #???# ##????#""" #??? | | # ## ### ###### ##???# #??? | | ?# ## #???## ######???? | | ?# ####### ###### #????????? | | ## ##??# ## #????????? | | # ###### ## #########? | | # ## @ d ## #? | | # ### ### d ## """ #? | | # ####?## ### #?## % ## """ #? | | # #?????####??####??###### # ## """ #? | | # #???????????????????#### ## #? | | #??????????????????## ## """ #? | | ####??????????????????# """ #? | | ??????????????????????## """ #? | | ???????????????????????### ## ### #? | | ?????????????????????????## #####?# #? | | ??????????????????????????## ###??########? | | ???????????????????????????# ###????????? | | ???????????????????????????# ##???????? | | ???????????????????????????##### #???????? | | ???????????????????????????????## #???????? | | ???????????????????????????????## ##???????? | | ???????????????????????????????# #????????? | | ???????????????????????????????# #????????? | | ???????????????????????????????# #????????? | | ???????????????????????????????## ##????????? | | ????????????????????????????????# #?????????? | | ???????????#######??????????????# #?????????? | | ??????????## ##?????????????# #?????????? | | ??????????# ##???########## #?????????? | | ??????????# ##??# ## # #?????????? | +----------------------------------------------------+ Best States ------------- Heat Dissipation 25 Energy Generation 10 Energy Capacity 250 Matter Stores 300 Matter Capacity 300 Sight Range 18 Terrain Scan Density 10 Evasion (%) 55 Item Schematics ----------------- None Robot Schematics ------------------ None Fabricated ------------ Nothing Alien Tech Used ----------------- None Achievements -------------- Quick And Dirty Challenges ------------ None Game ------ Seed MomentumGaussFirepult Manual? 0 Play Time 00:37:40 Cumulative 16.1 hours Start 2023.09.24 @ 22:12:12 End 2023.09.24 @ 22:49:39 Sessions 1 Manual Loads 0 Difficulty Rogue Special Mode None Game No. 13 Rogue 13 Adventurer 0 Explorer 0 Win Type - Total 0 Types 0/0/0/0/0/0/0/0/0 Lore% 18 Gallery% 17 Achievement% 17 Wizard Run 0 Options --------- ASCII 0 Keyboard 0 Movement Mouse Keybinds 0 Fullscreen 2 Font 18/SmallcapsGlow Map View 76x50 Tactical HUD 1 Map Filters NONE Filters NONE Steam 1 RUN: 56a24200-36fc-4013-96da-e749c1ee806e